General information
			
			
        
        - name: BNet
 
        - type: Ladder 1vs1/FFA
 
        - host: Battle.net
 
        - saver: schmitty9800
 
        
map: TirisfalGlades 
        - players: 2
 
        - length: 29:05
 
        - speed: Fast
 - version: 1.22 W3XP
 - replay type:  Public
 
» download(108 KB)
Players
        team 1 (loser) 
              
              
» 
Snoozer (
blue | 81 APM | 2349 actions | 29:00)
              
 4 Archmage 
 2 Summon Water Elemental
 2 Brilliance Aura
 3 Mountain King 
 2 Storm Bolt
 1 Bash
 
                » actions 
                
                | Assign group hotkey | 9 |  | 
| Basic commands | 122 |  | 
| Build / train | 92 |  | 
| Enter build submenu | 30 |  | 
| Enter hero's abilities submenu | 7 |  | 
| Give item / drop item | 1 |  | 
| Right click | 1179 |  | 
| Select / deselect | 666 |  | 
| Select group hotkey | 117 |  | 
| Use ability | 126 |  | 
                2349 total
 » units 
                
                | Peasant | 11 |  | 
| Footman | 8 |  | 
| Murloc Huntsman | 1 |  | 
| Spell Breaker | 8 |  | 
| Sorceress | 2 |  | 
| Mortar Team | 3 |  | 
| Knight | 4 |  | 
| Siege Engine | 9 |  | 
                46 total
 » upgrades
                
                | Lumber Harvesting | 2 |  | 
| Masonry | 2 |  | 
| Gunpowder | 1 |  | 
| Fragmentation Shards | 1 |  | 
| Armor | 1 |  | 
| Barrage | 1 |  | 
                8 total
 » buildings
                
                | Altar of Kings | 1 |  | 
| Farm | 7 |  | 
| Barracks | 1 |  | 
| Keep | 1 |  | 
| Lumber Mill | 2 |  | 
| Town Hall | 1 |  | 
| Scout Tower | 4 |  | 
| Arcane Vault | 2 |  | 
| Guard Tower | 2 |  | 
| Arcane Tower | 1 |  | 
| Arcane Sanctum | 1 |  | 
| Blacksmith | 1 |  | 
| Castle | 1 |  | 
| Workshop | 3 |  | 
                28 total
 » build order
                00:07 Altar of Kings
00:14 Farm
00:18 Barracks
00:58 Farm
01:34 Farm
02:59 Keep
03:56 Lumber Mill
04:01 Lumber Mill
04:07 Town Hall
04:23 Scout Tower
04:37 Scout Tower
04:46 Farm
05:09 Scout Tower
06:03 Arcane Vault
06:06 Farm
06:11 Scout Tower
06:24 Guard Tower
06:39 Arcane Tower
06:52 Guard Tower
08:08 Arcane Sanctum
09:03 Blacksmith
09:10 Farm
11:04 Castle
11:07 Workshop
11:10 Workshop
17:46 Farm
26:24 Arcane Vault
28:44 Workshop
» items
                
                | Scroll of Regeneration | 3 |  | 
| Lesser Clarity Potion | 1 |  | 
| Scroll of Town Portal | 4 |  | 
| Potion of Healing | 9 |  | 
| Potion of Mana | 3 |  | 
| Staff of Sanctuary | 1 |  | 
| Orb of Fire | 1 |  | 
                22 total
  
               team 2 (winner) 
              
              
» 
schmitty9800 (
yellow | 118 APM | 3438 actions | 29:05)
              
 6 Dreadlord 
 3 Sleep
 2 Vampiric Aura
 1 Inferno
 5 Death Knight 
 3 Death Coil
 1 Unholy Aura
 1 Death Pact
 1 Pit Lord 
 1 Rain of Fire
 
                » actions 
                
                | Assign group hotkey | 79 |  | 
| Basic commands | 217 |  | 
| Build / train | 83 |  | 
| ESC pressed | 3 |  | 
| Enter build submenu | 31 |  | 
| Enter hero's abilities submenu | 12 |  | 
| Remove unit from queue | 5 |  | 
| Right click | 1050 |  | 
| Select / deselect | 634 |  | 
| Select group hotkey | 1206 |  | 
| Use ability | 118 |  | 
                3438 total
 » units 
                
                | Acolyte | 10 |  | 
| Ghoul | 12 |  | 
| Crypt Fiend | 9 |  | 
| Obsidian Statue | 5 |  | 
| Necromancer | 6 |  | 
| Meatwagon | 4 |  | 
| Banshee | 1 |  | 
                47 total
 » upgrades
                
                | Cannibalize | 1 |  | 
| Burrow | 1 |  | 
| Necromancer Training | 1 |  | 
| Skeletal Longevity | 1 |  | 
| Destroyer Form | 1 |  | 
| Web | 1 |  | 
| Banshee Training | 1 |  | 
                7 total
 » buildings
                
                | Crypt | 3 |  | 
| Ziggurat | 10 |  | 
| Altar of Darkness | 1 |  | 
| Tomb of Relics | 1 |  | 
| Halls of the Dead | 2 |  | 
| Nerubian Tower | 2 |  | 
| Graveyard | 2 |  | 
| Slaughterhouse | 1 |  | 
| Temple of the Damned | 1 |  | 
| Necropolis | 3 |  | 
| Black Citadel | 1 |  | 
| Spirit Tower | 1 |  | 
                28 total
 » build order
                00:05 Crypt
00:08 Ziggurat
00:33 Altar of Darkness
01:18 Ziggurat
01:47 Tomb of Relics
03:51 Halls of the Dead
04:33 Ziggurat
04:57 Nerubian Tower
06:20 Graveyard
07:43 Slaughterhouse
08:28 Temple of the Damned
09:04 Necropolis
11:49 Ziggurat
13:17 Ziggurat
14:23 Black Citadel
17:59 Spirit Tower
19:14 Ziggurat
20:48 Ziggurat
20:49 Ziggurat
23:58 Halls of the Dead
24:59 Crypt
25:00 Crypt
25:05 Nerubian Tower
25:33 Graveyard
26:11 Necropolis
27:53 Ziggurat
27:54 Ziggurat
28:54 Necropolis
» items
                
                | Rod of Necromancy | 2 |  | 
| Scroll of Town Portal | 1 |  | 
                3 total
  
                Chat log
          (00:08 / All) Snoozer: gl hf
(00:10 / All) schmitty9800: u2
(00:15 / All) Snoozer: ty
(28:59 / All) Snoozer: gg